 Dungeon Crawl Stone Soup version 0.18.1-6-gd335043 (webtiles) character file.

63 nubinia the Shooter (level 3, 3/23 HPs)
             Began as a High Elf Arcane Marksman on May 16, 2016.
             Quit the game on level 2 of the Dungeon.
             The game lasted 00:11:58 (2929 turns).

nubinia the Shooter (High Elf Arcane Marksman)      Turns: 2929, Time: 00:11:59

Health: 3/23       AC:  4    Str: 10    XL:     3   Next: 87%
Magic:  5/6        EV: 13    Int: 17    God:
Gold:   101        SH:  0    Dex: 15    Spells: 2 memorised, 2 levels left

rFire  . . .     SeeInvis .     b - +0 dagger
rCold  . . .     Gourm    .     i - +0 robe
rNeg   . . .     Faith    .     (no shield)
rPois  .         Spirit   .     (no helmet)
rElec  .         Dismiss  .     (no cloak)
rCorr  .         Reflect  .     s - +1 pair of gloves
SustAt .         Harm     .     (no boots)
MR     .....                    (no amulet)
Stlth  ++........               (no ring)
                                (no ring)

@: lethally poisoned (3 -> -4), flying, not resistant to hostile enchantments,
unstealthy
A: no striking features
a: no special abilities


You were on level 2 of the Dungeon.
You were hungry.

You visited 1 branch of the dungeon, and saw 2 of its levels.

You collected 101 gold pieces.

Inventory:

Hand Weapons
 a - a +0 shortbow
 b - a +0 dagger (weapon)
 e - a +0 spear
 j - a cursed -2 whip
 o - a cursed -1 dagger
Missiles
 d - 4 arrows
Armour
 i - a +0 robe (worn)
 s - a +1 pair of gloves (worn)
Scrolls
 p - a scroll of remove curse
Potions
 l - a potion of might
 n - a potion of lignification
Books
 c - a book of Debilitation

   Spells                             Type                      Level
   a - Corona                         Hexes                        1
   b - Slow                           Hexes                        2
   c - Gell's Gravitas                Hexes/Translocation          3
   d - Inner Flame                    Hexes/Fire                   3
   e - Cause Fear                     Hexes                        4
   f - Leda's Liquefaction            Hexes/Earth                  4
Comestibles
 f - 2 bread rations
 m - a meat ration


   Skills:
 + Level 1.2 Fighting
 + Level 0.5 Short Blades
 + Level 3.5 Bows
 + Level 2.9 Dodging
 + Level 1.0 Stealth
 + Level 1.6 Spellcasting
 + Level 3.5 Hexes


You had 2 spell levels left.
You knew the following spells:

 Your Spells              Type           Power        Failure   Level  Hunger
a - Corona                Hex            ##.....      6%          1    ##.....
b - Slow                  Hex            ##......     10%         2    ###....


Dungeon Overview and Level Annotations

Branches:
Dungeon (2/15)

Altars:


Message History

Casting: Corona
Confirm with . or Enter, or press ? or * to list all spells.
Aiming: Corona
Press: ? - help, Shift-Dir - straight line, f/p - adder
Aim: an adder (heavily wounded, chance to defeat MR: 58%)
The rat is outlined in light.
The rat closely misses you.
You barely miss the rat.
You feel sick.
The rat twitches its whiskers.
The rat bites you but does no damage.
You hit the rat.
You kill the rat!
The adder bites you.
* * * LOW HITPOINT WARNING * * *
You are more poisoned.
The adder poisons you!
Drink which item? (? for menu, Esc to quit)
It was a potion of flight.
You feel very buoyant.
You fly up into the air.
The adder closely misses you.
Are you sure you want to abandon this character and quit the game? (Confirm with "yes".)

####...#...........#
#..........#######(#
#)######.###.......#
#.#......# #......(# ###
#.#.###..# #.......# #..
#.#.#.#..# #...(..(# #.#
#.#...#..# #.......# #.#
#.#.#..).###.......# #.#
#.#...#...@S(.....(# #.#
###.#.###.############
#.# #.........# #.#
#####.##### #.# #.# #.#
#.# #.#
#.#####################.#
#........................
#######################..


You could see an adder.

Vanquished Creatures
  2 adders (D:2)
  A giant gecko (D:2)
  A ball python (D:1)
  4 giant cockroaches (D:2)
  2 goblins (D:2)
  5 hobgoblins
  8 kobolds
  A quokka (D:2)
  8 bats
  2 giant newts
  10 rats
44 creatures vanquished.

Notes
Turn   | Place    | Note
--------------------------------------------------------------
     0 | D:1      | nubinia the High Elf Arcane Marksman began the quest for the Orb.
     0 | D:1      | Reached XP level 1. HP: 13/13 MP: 3/3
   425 | D:1      | Reached XP level 2. HP: 12/18 MP: 4/4
  1029 | D:2      | Learned a level 2 spell: Slow
  1723 | D:2      | Reached XP level 3. HP: 23/23 MP: 5/5
  2376 | D:2      | Reached skill level 1 in Stealth
  2929 | D:2      | Quit the game

Skill      XL: |  1  2  3 |
---------------+----------+-----
Bows           | 3 |  3.5
Stealth        | 1 |  1.0
Fighting       | |  1.2
Short Blades   | |  0.5
Dodging        | |  2.9
Spellcasting   | |  1.6
Hexes          | |  3.5

Action                   || total
-------------------------++-------
Melee: Spear             ||    17
       Dagger            ||   176
 Fire: Shortbow          ||    28
 Cast: Corona            ||    16
  Use: Scroll            ||     8
       Potion            ||     2
 Stab: Sleeping          ||     5
  Eat: Chunk             ||     6
Armor: Robe              ||    45
Dodge: Dodged            ||   169
